 Dungeon Crawl Stone Soup version 0.31.0-11-ge490571c62 (webtiles) character file.

Game seed: 10658758055557105845

338 Zeor the Shooter (level 6, -1/35 HPs)
             Began as a Deep Elf Hexslinger on Jan 27, 2024.
             Slain by Pikel
             ... wielding a +0 whip of flaming
              (2 damage)
             ... on level 4 of the Dungeon.
             The game lasted 00:08:29 (2614 turns).

Zeor the Shooter (Deep Elf Hexslinger)              Turns: 2614, Time: 00:08:30

Health: -1/35      AC: -14   Str:  5    XL:     6   Next: 29%
Magic:  6/13       EV: 13    Int: 20    God:
Gold:   181        SH:  0    Dex: 17    Spells: 5/12 levels left

rFire   . . .        a - +1 sling
rCold   . . .        (no shield)
rNeg    . . .        c - +0 robe
rPois   .            (no helmet)
rElec   .            (no cloak)
rCorr   .            (no gloves)
SInv    .            (no boots)
Will    .....        f - amulet of the acrobat
Stlth   ++           (no ring)
HPRegen 0.25/turn    (no ring)
MPRegen 0.13/turn

%: acrobat
@: weak-willed, corroded, jinxed
A: no striking features
a: no special abilities


You were on level 4 of the Dungeon.
You visited 1 branch of the dungeon, and saw 4 of its levels.

You collected 181 gold pieces.

Inventory:

Hand Weapons
 a - a +1 sling (weapon)
 b - a +0 dagger of speed
Armour
 c - a +0 robe (worn)
Jewellery
 f - an amulet of the acrobat (around neck)
 h - an amulet of magic regeneration
 k - the ring of Uskayaw's Pride {rElec rF+ EV+5 Dex-3}
   (You took it off a kobold on level 3 of the Dungeon)

   [ring of evasion]

   EV+5:      It affects your evasion (+5).
   Dex-3:     It affects your dexterity (-3).
   rF+:       It protects you from fire.
   rElec:     It insulates you from electricity.
Scrolls
 e - a scroll of poison
Potions
 d - a potion of mutation {unknown}
 g - a potion of heal wounds
 i - a potion of degeneration {unknown}
 j - 2 potions of curing {unknown}


   Skills:
 * Level 2.2 Fighting
 + Level 5.8 Ranged Weapons
 + Level 2.6 Dodging
 + Level 0.8 Stealth
 * Level 3.5 Spellcasting
 * Level 5.8 Hexes
 + Level 1.1 Fire Magic
 + Level 0.1 Ice Magic


You had 5 spell levels left.
You knew the following spells:

 Your Spells              Type           Power      Damage    Failure   Level
b - Sigil of Binding      Hex            26%        N/A       3%          3
h - Ensorcelled Hibernat  Hex/Ice        30%        N/A       6%          2
j - Jinxbite              Hex            52%        N/A       1%          2

Your spell library contained the following spells:

 Spells                   Type           Power      Damage    Failure   Level
 Inner Flame              Hex/Fire       17%        N/A       10%         3
 Cause Fear               Hex            13%        N/A       12%         4
 Scorch                   Fire           14%        2d5       13%         2
 Cigotuvi's Dreadful Rot  Necr/Alch/Air  6%         N/A       21%         2
 Ozocubu's Armour         Ice            4%         N/A       36%         3
 Passwall                 Erth           3%         N/A       38%         3
 Swiftness                Air            3%         N/A       38%         3
 Dimensional Bullseye     Hex/Tloc       7%         N/A       38%         4
 Flame Wave               Conj/Fire      5%         2d5       71%         4
 Ignite Poison            Fire/Alch      5%         N/A       71%         4
 Metabolic Englaciation   Hex/Ice        7%         N/A       73%         5
 Freezing Cloud           Conj/Ice/Air   1%         6-21      98%         5
 Sculpt Simulacrum        Ice/Alch       1%         N/A       100%        6
 Summon Cactus Giant      Summ           1%         N/A       100%        6


Dungeon Overview and Level Annotations

Branches:
Dungeon (4/15)
 Temple: D:4-7

Altars:

Annotations:
D:4 Pikel


Message History

Aiming: Ensorcelled Hibernation (safe; 6% risk of failure)
Press: ? - help, Shift-Dir - straight line, f/p - jelly
Aim: a jelly (almost dead, chance to affect: 57%)
The jelly looks drowsy...
Pikel says, "You'll feel the lick of my whip!"
The jelly quivers.
The jelly attacks as it pursues you! The jelly completely misses you.
The jelly attacks as it pursues you! The jelly misses you.
You shoot a sling bullet.
The sling bullet hits the jelly but does no damage.
The jelly is almost dead.
The jelly hits you. The acid corrodes you!
You are splashed with acid!
Casting: Ensorcelled Hibernation (safe; 6% risk of failure)
Confirm with . or Enter, or press ? or * to list all spells.
You beckon some vexing sprites to accompany your attacks.
You feel your willpower being sapped. The jelly closely misses you.
You shoot a sling bullet.
The sling bullet hits the jelly but does no damage.
The jelly is severely wounded.
A giggling sprite leaps out and smacks the jelly with its own pseudopod.
You kill the jelly!
Casting: Jinxbite (safe; 1% risk of failure)
Confirm with . or Enter, or press ? or * to list all spells.
Aiming: Ensorcelled Hibernation (safe; 6% risk of failure)
Press: ? - help, Shift-Dir - straight line, f - lemure
Aim: a lemure (chance to call a sprite on attack: 57%, chance to affect: 49%) Pikel is unaffected.
Pikel hits you with a +0 whip of flaming!
Pikel burns you.
Casting: Ensorcelled Hibernation (safe; 6% risk of failure)
Confirm with . or Enter, or press ? or * to list all spells.
Aiming: Ensorcelled Hibernation (safe; 6% risk of failure)
Press: ? - help, Shift-Dir - straight line, f/p - lemure
Aim: a lemure (chance to call a sprite on attack: 57%, chance to affect: 49%) Pikel is unaffected.
Pikel hits you with a +0 whip of flaming!
* * * LOW HITPOINT WARNING * * *
Pikel burns you.
You die...
Pikel says, "Another soul for the market."

░░·░ ▒▒▒▒▒▒∙▒▒▒▒▒▒▒▒▒▒▒▒▒ ░·░
▒∙∙∙∙∙∙▒▒▒▒▒▒▒▒▒▒▒▒▒ ░░·░
▒∙▒▒▒▒∙▒▒▒▒▒▒▒▒▒▒▒▒▒ ···░ ▒∙▒
▒∙▒▒▒▒▒▒▒▒▒▒▒▒▒ ░░·░ ▒∙▒
▒∙▒▒▒▒▒▒▒▒▒▒▒▒▒ ░░·░░ ▒∙▒
▒÷▒▒▒▒▒▒▒▒▒▒▒▒▒ ····░░ ▒∙▒
▒∙∙∙∙▒▒▒▒▒▒▒▒▒▒
····∙▒▒▒▒▒▒▒▒5▒▒▒▒▒▒▒∙▒▒∙∙∙∙▒▒▒▒
····∙∙∙∙∙!∙∙∙55Ke∙∙∙∙∙∙∙∙∙∙>∙∙▒▒
····∙▒∙∙∙∙∙▒▒5▒▒▒▒▒▒▒∙▒▒∙∙∙∙∙∙▒▒▒
·····▒$∙∙∙∙░▒∙▒··∙∙∙▒∙▒▒∙∙∙∙∙∙∙∙∙
░░░░·▒∙∙∙∙∙░▒∙▒·░▒▒∙▒∙▒▒∙∙∙∙∙∙∙▒▒
░·▒∙∙∙∙∙░▒∙▒·░▒▒∙▒∙▒▒∙∙∙∙∙∙∙∙▒
░·▒∙∙∙∙∙░▒∙▒·░▒▒∙▒∙▒▒∙∙∙∙∙∙▒∙▒
░░░░·▒∙∙∙∙∙░▒∙▒·░▒▒∙▒∙▒▒∙∙∙∙∙∙▒∙▒
·····∙∙∙?∙∙░▒∙▒·░▒▒∙▒∙▒▒∙∙∙∙∙∙▒∙▒
······░░░░░░░·░·░ ░·░·░▒∙▒▒∙▒▒▒∙▒


You could see Pikel and 4 lemures.

Vanquished Creatures
  An ogre (D:3)
  A bullfrog (D:4)
  A bombardier beetle (D:4)
  A jelly (D:4)
  An adder (D:2)
  3 gnolls (D:3)
  2 ribbon worms
  4 dart slugs
  7 bats
  3 endoplasms (D:1)
  5 giant cockroaches
  5 goblins
  13 hobgoblins
  5 jackals
  2 quokkas
  11 ball pythons
  5 kobolds
  6 rats
76 creatures vanquished.

Notes
Turn   | Place    | Note
-------+----------+-------------------------------------------
     0 | D:1      | Zeor the Deep Elf Hexslinger began the quest for the Orb.
     0 | D:1      | Reached XP level 1. HP: 11/11 MP: 5/5
    57 | D:1      | Reached XP level 2. HP: 12/16 MP: 6/6
   241 | D:1      | Reached skill level 1 in Fighting
   408 | D:1      | Reached XP level 3. HP: 20/20 MP: 7/7
   663 | D:2      | Reached skill level 5 in Hexes
   688 | D:2      | Learned a level 2 spell: Jinxbite
   697 | D:2      | Learned a level 3 spell: Sigil of Binding
   850 | D:2      | Reached XP level 4. HP: 17/25 MP: 9/9
  1281 | D:2      | Found a faded altar of an unknown god.
  1613 | D:3      | Identified the ring of Uskayaw's Pride {rElec rF+ EV+5
                  | Dex-3}
  1643 | D:3      | Learned a level 2 spell: Ensorcelled Hibernation
  1765 | D:3      | Noticed an ogre
  1770 | D:3      | Killed an ogre
  1771 | D:3      | Reached skill level 5 in Ranged Weapons
  1771 | D:3      | Reached XP level 5. HP: 30/30 MP: 7/11
  2344 | D:4      | Noticed a lemure
  2366 | D:4      | Reached XP level 6. HP: 14/35 MP: 9/13
  2587 | D:4      | Noticed Pikel
  2614 | D:4      | HP: 1/35 [Pikel/+0 whip of flaming (10)]
  2614 | D:4      | Slain by Pikel

Illustrated notes

Levels and vault maps discovered:
D:1:      co_arrival_square_in_a_square_in_a_square, layout_loops_cross,
          due_unseen_surprise
D:2:      minmay_alternating_diamond, layout_rooms,
          hellmonk_ecumenical_altar_zigzags
D:3:      layout_loops_ring, serial_park_tiny_2, dk_vineyard_2,
          minmay_misc_feat_square
D:4:      layout_basic, gammafunk_temple_overflow_wave, minmay_misc_feat_five,
          chequers_serial_rivers_large_b, uniq_pikel

Skill      XL: |  1  2  3  4  5 |
---------------+----------------+-----
Ranged Weapons | 3 5 |  5.8
Fighting       | 1 2 |  2.2
Hexes          | 5 |  5.8
Spellcasting   | 2 3 |  3.5
Dodging        | |  2.6
Stealth        | |  0.8
Fire Magic     | |  1.1
Ice Magic      | |  0.1

Action                     |  1- 3 |  4- 6 || total
---------------------------+-------+-------++-------
  Melee: Dagger            |       |     1 ||     1
   Fire: Sling             |   102 |    80 ||   182
   Cast: Jinxbite          |     4 |    12 ||    16
         Ensorcelled Hiber |       |     6 ||     6
    Use: Scroll            |     4 |     6 ||    10
         Potion            |       |     2 ||     2
   Stab: Sleeping          |       |     1 ||     1
 Armour: Robe              |    21 |    19 ||    40
  Dodge: Dodged            |    34 |    18 ||    52
